 Dungeon Crawl Stone Soup version 0.32-a0-918-g0f22ef8d61 (webtiles) character file.

Game seed: 1984791193825490749

24 innerfire43 the Trooper (level 2, 0/25 HPs)
             Began as a Demonspawn Wanderer on Apr 11, 2024.
             Slain by a ball python (2 damage)
             ... on level 1 of the Dungeon.
             The game lasted 00:01:36 (542 turns).

innerfire43 the Trooper (Demonspawn Wanderer)        Turns: 542, Time: 00:01:36

Health: 0/25       AC:  2    Str: 10    XL:     2   Next: 79%
Magic:  7/7        EV:  0    Int: 13    God:
Gold:   21         SH:  0    Dex: 13    Spells: 9/9 levels left

rFire   . . .        h - +1 dagger (flame)
rCold   . . .        (no shield)
rNeg    . . .        d - +0 robe
rPois   .            (no helmet)
rElec   .            (no cloak)
rCorr   .            (no gloves)
SInv    .            (no boots)
Will    .....        (no amulet)
Stlth   ++           (no ring)
HPRegen 0.24/turn    (no ring)
MPRegen 0.10/turn

%: no passive effects
@: constricted
A: foul stench 1
a: no special abilities


You were on level 1 of the Dungeon.
You visited 1 branch of the dungeon, and saw 1 of its levels.

You collected 21 gold pieces.

Inventory:

Hand Weapons
 a - a +0 dagger
 h - a +1 dagger of flaming (weapon)
Armour
 d - a +0 robe (worn)
Jewellery
 i - a +6 ring of dexterity
Scrolls
 b - a scroll of silence
 c - a scroll of fear
 e - a scroll of teleportation
 g - 2 scrolls of torment
Potions
 j - a potion of degeneration
 k - a potion of haste {unknown}


   Skills:
 + Level 4.2 Fighting
 * Level 1.2 Short Blades
 * Level 1.2 Armour
 - Level 1.0 Stealth
 - Level 4.0 Spellcasting


You had 9 spell levels left.
You didn't know any spells.
Your spell library contained the following spells:

 Spells                   Type           Power      Damage    Failure   Level
 Shock                    Conj/Air       8%         1d3       21%         1
 Slow                     Hex            8%         N/A       21%         1
 Blink                    Tloc           4%         N/A       30%         2
 Searing Ray              Conj           4%         2d4       30%         2
 Sigil of Binding         Hex            2%         N/A       52%         3
 Death Channel            Necr           1%         N/A       100%        6
 Sculpt Simulacrum        Ice/Alch       1%         N/A       100%        6


Dungeon Overview and Level Annotations

Branches:
Dungeon (1/15)

Altars:


Innate Abilities, Weirdness & Mutations

You may rarely emit foul miasma when damaged in melee.


Message History

The ball python bites you but does no damage.
The ball python barely misses you. The jackal bites you.
There are monsters nearby!
You hit the jackal but do no damage. The goblin hits you with a +0 dagger.
The jackal closely misses you. The ball python closely misses you.
The ball python barely misses you.
There are monsters nearby!
You are too injured to fight recklessly!
There are monsters nearby!
You are too injured to fight recklessly!
There are monsters nearby!
You are too injured to fight recklessly!
There are monsters nearby!
You are too injured to fight recklessly!
The jackal closely misses you.
The jackal bites you but does no damage.
The jackal bites you. The bat hits you but does no damage.
The jackal bites you.
A kobold comes into view. It is wielding a +0 short sword.
The kobold shouts!
The jackal barely misses you. The bat hits you but does no damage.
The jackal closely misses you. The bat closely misses you.
The jackal bites you.
* * * LOW HITPOINT WARNING * * *
You barely miss the bat. The bat hits you but does no damage.
The jackal bites you.
* * * LOW HITPOINT WARNING * * *
The bat hits you.
* * * LOW HITPOINT WARNING * * *
The ball python completely misses you.
You hit the bat but do no damage. The bat barely misses you.
The jackal barely misses you. The goblin misses you. The jackal bites you.
* * * LOW HITPOINT WARNING * * *
The ball python bites you but does no damage.
The ball python grabs you. The ball python constricts you.
* * * LOW HITPOINT WARNING * * *
The ball python's grasp on you weakens, but your attempt to escape fails.
The jackal bites you but does no damage.
The goblin hits you but does no damage. The ball python bites you.
You die...

#.######.#.#..÷...####..#
### #....#.#.........#..#
..###.####.#...#).......#
#.....# #.>.....#......#
#.....# ###.###.....#...
####.## #.....#..##.#
#.#######.###b#....
#.........# #.##.#######
#############@Sh......$.
....!..gh...##.#
...............#
.....gK###†###.#
.......#.....# #
.......#.....#
..........>....
###....#.....#.#
#....#.....#.#


You could see 2 jackals, 2 goblins, a bat, a ball python and a kobold.

Vanquished Creatures
  2 endoplasms (D:1)
  2 giant cockroaches (D:1)
  3 goblins (D:1)
  A hobgoblin (D:1)
  A quokka (D:1)
  5 ball pythons (D:1)
  A bat (D:1)
  3 frilled lizards (D:1)
  8 rats (D:1)
26 creatures vanquished.

Notes
Turn   | Place    | Note
-------+----------+-------------------------------------------
     0 | D:1      | innerfire43 the Demonspawn Wanderer began the quest for the
                  | Orb.
     0 | D:1      | innerfire43 set off with the following items: a +0 dagger,
                  | a scroll of silence, a scroll of fear, a +0 robe, a scroll
                  | of teleportation; and the following spells available to
                  | memorise: Shock, Slow, Blink, Searing Ray.
     0 | D:1      | Reached XP level 1. HP: 19/19 MP: 5/5
   243 | D:1      | Gained mutation: You may rarely emit foul miasma when
                  | damaged in melee. [demonic ancestry]
   243 | D:1      | Reached XP level 2. HP: 22/25 MP: 7/7
   288 | D:1      | Reached skill level 1 in Short Blades
   288 | D:1      | Reached skill level 1 in Armour
   542 | D:1      | Slain by a ball python

Illustrated notes

Levels and vault maps discovered:
D:1:      lightli_arrival_windingriver, layout_basic, serial_shops,
          nicolae_shop_rolling_square, st_stairs_3, minmay_pentomino_t4

Skill      XL: |  1  2 |
---------------+-------+-----
Short Blades   | 1 |  1.2
Armour         | 1 |  1.2
Fighting       | |  4.2
Stealth        | |  1.0
Spellcasting   | |  4.0

Action                     || total
---------------------------++-------
  Melee: Dagger            ||    78
    Use: Scroll            ||     2
   Stab: Sleeping          ||     1
 Armour: Robe              ||    64
  Dodge: Dodged            ||    56

Table legend: (Time is in decaauts)
 A = Elapsed time spent in this place.
 B = Non-inter-level travel time spent in this place.
 C = Inter-level travel time spent in this place.
 D = Time resting spent in this place.
 E = Time spent auto-exploring this place.
 F = Levels seen in this place.
 G = Mean time per level.
                   A        B        C        D        E       F      G
               +--------+--------+--------+--------+--------+-----+--------+
         Total |    539 |    523 |     16 |      0 |    332 |   1 |  539.0 |
       Dungeon |    539 |    523 |     16 |      0 |    332 |   1 |  539.0 |
               +--------+--------+--------+--------+--------+-----+--------+

Top non-repeatable levels by time:
     D:1: 539 daAuts
